 Dungeon Crawl Stone Soup version 0.23.2-30-g0e89c35649 (webtiles) character file.

Game seed: 9421099296891829594

196 Electrofox the Fighter (level 5, -6/51 HPs)
             Began as a Gnoll Wanderer on June 15, 2019.
             Killed by divine providence
             ... invoked by an orc priest
              (13 damage)
             ... on level 4 of the Dungeon.
             The game lasted 00:26:56 (3733 turns).

Electrofox the Fighter (Gnoll Wanderer)             Turns: 3733, Time: 00:26:56

Health: -6/51      AC: 13    Str: 17    XL:     5   Next: 74%
Magic:  7/7        EV:  3    Int: 13    God:
Gold:   234        SH:  9    Dex: 14    Spells: 7/7 levels left

rFire    . . .     SeeInvis .   C - +1 dagger (freeze)
rCold    . . .     Gourm    .   g - +0 shield
rNeg     . . .     Faith    .   p - +0 plate armour
rPois    .         Spirit   .   (no helmet)
rElec    .         Reflect  .   (no cloak)
rCorr    .         Harm     .   (no gloves)
MR       .....                  (no boots)
Stlth    ..........             (no amulet)
HPRegen  0.17/turn              (no ring)
MPRegen  0.10/turn              (no ring)

@: no status effects
A: distributed training, fangs 1, strong nose
a: no special abilities


You were on level 4 of the Dungeon.
You were not hungry.

You visited 1 branch of the dungeon, and saw 4 of its levels.

You collected 234 gold pieces.

Inventory:

Hand Weapons
 a - a +0 hand crossbow
 b - a +0 short sword
 C - a +1 dagger of freezing (weapon)
 E - a +2 morningstar of protection
Missiles
 c - 45 bolts
 h - 14 poisoned needles
Armour
 e - a +0 robe
 g - a +0 shield (worn)
 p - a +0 plate armour (worn)
Jewellery
 k - an uncursed ring of stealth {unknown}
 t - a cursed ring of attention {unknown}
 v - an uncursed ring of positive energy {unknown}
Wands
 r - a wand of iceblast (8)
 B - a wand of clouds (4)
Scrolls
 i - a scroll of noise {unknown}
 j - 2 scrolls of fog {unknown}
 l - a scroll of enchant armour {unknown}
 o - a scroll of identify {unknown}
 s - 2 scrolls of random uselessness {unknown}
 w - 2 scrolls of amnesia {unknown}
 y - 2 scrolls of teleportation {unknown}
 A - 2 scrolls of fear {unknown}
 D - 2 scrolls of remove curse {unknown}
Potions
 d - 2 potions of lignification
 m - a potion of berserk rage {unknown}
 q - a potion of ambrosia {unknown}
 u - 2 potions of might {unknown}
 x - 2 potions of curing {unknown}
 z - 2 potions of flight {unknown}
Comestibles
 f - 5 rations


   Skills:
 + Level 8.6 Fighting
 + Level 1.6 Short Blades
 + Level 1.6 Long Blades
 + Level 1.6 Axes
 + Level 1.6 Maces & Flails
 + Level 1.6 Polearms
 + Level 1.6 Staves
 + Level 1.6 Slings
 + Level 1.6 Bows
 + Level 3.0 Crossbows
 + Level 1.6 Throwing
 + Level 6.7 Armour
 + Level 1.6 Dodging
 + Level 1.6 Stealth
 + Level 3.0 Shields
 + Level 1.6 Unarmed Combat
 + Level 1.6 Spellcasting
 + Level 1.2 Conjurations
 + Level 1.2 Hexes
 + Level 1.2 Charms
 + Level 1.2 Summonings
 + Level 1.2 Necromancy
 + Level 1.2 Translocations
 + Level 1.2 Transmutations
 + Level 1.2 Fire Magic
 + Level 1.2 Ice Magic
 + Level 1.2 Air Magic
 + Level 1.2 Earth Magic
 + Level 1.2 Poison Magic
 + Level 1.8 Invocations
 + Level 3.0 Evocations


You had 7 spell levels left.
You didn't know any spells.
Your spell library was empty.

Dungeon Overview and Level Annotations

Branches:
Dungeon (4/15)
 Temple: D:4-7

Altars:
Uskayaw


Innate Abilities, Weirdness & Mutations

Your experience applies equally to all skills.
You have very sharp teeth.
Your uncanny sense of smell can sniff out nearby items.


Message History

The orc priest hits you but does no damage.
You hit the orc priest but do no damage.
The orc priest is almost dead.
The orc priest hits you with a +0 dagger.
You closely miss the orc priest.
The orc priest is severely wounded.
You block the orc priest's attack.
You hit the orc priest but do no damage.
The orc priest is severely wounded.
The orc priest hits you but does no damage.
You hit the orc priest but do no damage.
The orc priest is severely wounded.
The orc priest invokes the aid of Beogh against you.
Pain shoots through your body!
* * * LOW HITPOINT WARNING * * *
You hit the orc priest but do no damage.
The orc priest is severely wounded.
The orc priest calls down the wrath of Beogh upon you.
Beogh smites you!
You die...

##+#..........########...
#########.............#
#...
.............###...####
#... ........o....# #...#
#.## .............# #...#
#.# $............###(..###
#.# ..............##.....#
#.# ..............##.....#
#.#
...............#@....######
#.#
#########....#.o..........#
##.## #....#............#
#...# #.^..#............#
#.#.#
######............###.#.#
#............##..#..
######..###########.###.
#....#..# ###..#.#.
#....##.# ####...##.##


You could see an orc priest.

Vanquished Creatures
  A big kobold (D:4)
  3 adders
  An ooze (D:1)
  5 worms
  A dart slug (D:3)
  2 leopard geckos (D:3)
  3 orcs
  6 bats
  2 giant cockroaches
  5 goblins
  12 hobgoblins
  A quokka (D:4)
  3 frilled lizards
  14 kobolds
  12 rats
71 creatures vanquished.

Notes
Turn   | Place    | Note
-------+----------+-------------------------------------------
     0 | D:1      | Electrofox the Gnoll Wanderer began the quest for the Orb.
     0 | D:1      | Electrofox set off with the following items: a +0 hand
                  | crossbow, a +0 shield, 29 bolts, a potion of lignification,
                  | a +0 robe, a ration
     0 | D:1      | Reached XP level 1. HP: 26/26 MP: 2/2
   408 | D:1      | Reached XP level 2. HP: 31/33 MP: 3/3
   829 | D:1      | Reached XP level 3. HP: 38/38 MP: 4/4
  1067 | D:1      | Reached skill level 1 in Invocations
  1408 | D:2      | Reached skill level 1 in Short Blades
  1408 | D:2      | Reached skill level 1 in Long Blades
  1408 | D:2      | Reached skill level 1 in Axes
  1408 | D:2      | Reached skill level 1 in Maces & Flails
  1408 | D:2      | Reached skill level 1 in Polearms
  1408 | D:2      | Reached skill level 1 in Staves
  1408 | D:2      | Reached skill level 1 in Slings
  1408 | D:2      | Reached skill level 1 in Bows
  1408 | D:2      | Reached skill level 1 in Throwing
  1408 | D:2      | Reached skill level 1 in Dodging
  1408 | D:2      | Reached skill level 1 in Stealth
  1408 | D:2      | Reached skill level 1 in Unarmed Combat
  1408 | D:2      | Reached skill level 1 in Spellcasting
  1408 | D:2      | Reached XP level 4. HP: 40/45 MP: 4/6
  2360 | D:3      | Reached skill level 1 in Conjurations
  2360 | D:3      | Reached skill level 1 in Hexes
  2360 | D:3      | Reached skill level 1 in Charms
  2360 | D:3      | Reached skill level 1 in Summonings
  2360 | D:3      | Reached skill level 1 in Necromancy
  2360 | D:3      | Reached skill level 1 in Translocations
  2360 | D:3      | Reached skill level 1 in Transmutations
  2360 | D:3      | Reached skill level 1 in Fire Magic
  2360 | D:3      | Reached skill level 1 in Ice Magic
  2360 | D:3      | Reached skill level 1 in Air Magic
  2360 | D:3      | Reached skill level 1 in Earth Magic
  2360 | D:3      | Reached skill level 1 in Poison Magic
  2611 | D:3      | Noticed a big kobold
  2790 | D:3      | Reached XP level 5. HP: 43/51 MP: 7/7
  3299 | D:4      | Found a hide-covered altar of Uskayaw.
  3515 | D:3      | Noticed a big kobold
  3557 | D:4      | Killed a big kobold
  3733 | D:4      | Killed from afar by an orc priest

Skill      XL: |  1  2  3  4  5 |
---------------+----------------+-----
Invocations    | 1 |  1.8
Short Blades   | 1 |  1.6
Long Blades    | 1 |  1.6
Axes           | 1 |  1.6
Maces & Flails | 1 |  1.6
Polearms       | 1 |  1.6
Staves         | 1 |  1.6
Slings         | 1 |  1.6
Bows           | 1 |  1.6
Throwing       | 1 |  1.6
Dodging        | 1 |  1.6
Stealth        | 1 |  1.6
Unarmed Combat | 1 |  1.6
Spellcasting   | 1 |  1.6
Conjurations   | 1 |  1.2
Hexes          | 1 |  1.2
Charms         | 1 |  1.2
Summonings     | 1 |  1.2
Necromancy     | 1 |  1.2
Translocations | 1 |  1.2
Transmutations | 1 |  1.2
Fire Magic     | 1 |  1.2
Ice Magic      | 1 |  1.2
Air Magic      | 1 |  1.2
Earth Magic    | 1 |  1.2
Poison Magic   | 1 |  1.2
Crossbows      | 3 |  3.0
Shields        | 3 |  3.0
Evocations     | 3 |  3.0
Fighting       | |  8.6
Armour         | |  6.7

Action                   |  1- 3 |  4- 6 || total
-------------------------+-------+-------++-------
Melee: Short sword       |   132 |    85 ||   217
       Bite              |    20 |    23 ||    43
       Hand axe          |     6 |       ||     6
       Dagger            |       |   104 ||   104
Throw: Stone             |       |     1 ||     1
  Eat: Chunk             |     2 |     4 ||     6
       Ration            |       |     1 ||     1
Armor: Robe              |     6 |       ||     6
       Ring mail         |    23 |       ||    23
       Scale mail        |    21 |     6 ||    27
       Plate armour      |       |    64 ||    64
Dodge: Dodged            |    52 |    14 ||    66
Block: Shield            |    47 |    67 ||   114
